Map: Cerulean Fall LE

Players

DarcStar

  • Race: Protoss Protoss
  • League: Gold
  • Spawn Location: 1:00

Mesrob - Winner!

  • Race: Terran Terran
  • League: Gold
  • Spawn Location: 7:00

VOD

Have the link to the VOD?

Description

Time

  • Played on: Jan. 14, 2019, 7:19 p.m.
  • Length: 14:41
Show
View Real Time Build Order
Export as new Build Order

DarcStar Protoss 

Build Orders: 1 Gate Expand, Colossus Rush 

Get SALT Encoding   

  12  0:04  Probe  
  13  0:16  Probe  
  14  0:26  Pylon  
  14  0:28  Probe  
  15  0:35  Assimilator  
  15  0:45  Probe  
  16  0:52  Gateway  
  16  0:57  Probe  
  16  1:12  Probe  
  17  1:20  Probe  
  18  1:38  Nexus  
  18  1:49  Cybernetics Core  
  18  1:59  Probe  
  19  2:01  Pylon  
  19  2:09  Assimilator  
  19  2:11  Zealot  
  21  2:18  Probe  
  22  2:35  Robotics Facility  
  22  2:47  Stalker  
  22  2:48  Probe  
  24  2:56  Probe  
  24  2:57  Warp Gate  
  26  3:05  Probe  
  26  3:09  Probe  
  28  3:18  Pylon, Probe  
  29  3:21  Probe  
  29  3:26  Robotics Bay  
  30  3:28  Observer  
  30  3:32  Stalker  
  33  3:53  Robotics Facility  
  33  3:58  Gateway  
  33  4:05  Pylon  
  33  4:06  Probe  
  33  4:09  Assimilator  
  34  4:14  Probe  
  34  4:18  Extended Thermal Lance  
  35  4:44  Assimilator  
  35  4:59  Colossus  
  35  5:02  Immortal  
  35  5:06  Probe  
  45  5:12  Probe  
  47  5:14  Probe  
  48  5:24  Probe x2  
  50  5:32  Colossus  
  50  5:36  Probe x2  
  58  6:02  Immortal  
  58  6:05  Twilight Council  
  58  6:09  Pylon  
  62  6:21  Pylon  
  62  6:27  Gateway  
  62  6:29  Gateway  
  62  6:38  Sentry x2  
  66  6:41  Nexus  
  66  6:50  Gateway  
  66  6:56  Pylon  
  66  7:01  Immortal  
  70  7:08  Probe  
  71  7:16  Probe  
  71  7:19  Charge  
  71  7:24  Observer  
  71  7:26  Probe  
  73  7:38  Probe  
  73  7:43  Colossus  
  80  7:50  Probe  
  50  8:36  Zealot  
  50  8:37  Zealot x4  
  60  8:46  Forge, Colossus  
  60  8:47  Forge, Colossus  
  72  9:10  Probe  
  72  9:14  Pylon  
  73  9:17  Probe  
  73  9:19  Probe  
  73  9:21  Stalker  
  73  9:22  Stalker x4  
  85  9:28  Probe  
  85  9:29  Probe  
  87  9:38  Protoss Ground Weapons Level 1  
  87  9:39  Protoss Ground Armor Level 1  
  87  9:40  Probe  
  87  9:41  Probe  
  89  9:48  Pylon  
  89  9:51  Pylon  
  89  9:52  Probe  
  90  9:53  Probe  
  90  9:54  Assimilator  
  90  9:56  Colossus  
  90  9:57  Colossus  
  103  10:06  Probe  
  104  10:26  Dark Shrine  
  90  10:45  Zealot x2  
  90  10:46  Zealot x3  
  100  10:57  Gateway  
  100  10:59  Gateway  
  100  11:01  Robotics Facility  
  100  11:03  Robotics Facility  
  100  11:05  Immortal  
  100  11:06  Immortal  
  108  11:19  Zealot  
  108  11:20  Zealot x4  
  118  11:41  Dark Templar x3  
  124  11:50  Pylon  
  124  11:52  Pylon  
  124  11:55  Pylon  
  124  12:02  Pylon, Immortal x2  
  124  12:04  Pylon  
  124  12:07  Assimilator  
  132  12:24  Sentry x4  
  132  12:26  Dark Templar x3  
  146  12:34  Gateway  
  146  12:35  Gateway  
  50  13:21  Immortal  
  50  13:22  Immortal  
  66  13:44  Dark Templar x4  
Show
View Real Time Build Order
Export as new Build Order

Mesrob Terran - Winner!

Build Orders: Mech 

Get SALT Encoding   

  12  0:00  SCV  
  13  0:13  SCV  
  14  0:17  Supply Depot  
  14  0:25  SCV  
  15  0:39  SCV  
  15  0:41  Barracks  
  16  0:50  Refinery  
  16  0:51  SCV  
  17  1:15  SCV  
  18  1:27  SCV  
  19  1:39  Command Center  
  19  1:40  Orbital Command  
  19  1:44  Marine  
  20  2:03  Bunker  
  20  2:06  SCV  
  21  2:18  SCV  
  22  2:27  Factory  
  22  2:30  SCV  
  22  2:32  Barracks Tech Lab  
  22  2:36  Refinery  
  23  2:44  SCV  
  23  2:56  SCV  
  24  3:02  Supply Depot  
  24  3:08  SCV  
  25  3:13  Orbital Command, Engineering Bay  
  25  3:19  Marine  
  26  3:21  SCV  
  26  3:24  Siege Tank  
  26  3:25  Supply Depot  
  30  3:33  SCV  
  31  3:40  Supply Depot, SCV  
  32  3:45  SCV  
  33  3:51  Supply Depot  
  33  3:52  SCV  
  34  3:56  Siege Tank  
  34  3:57  SCV  
  34  4:02  Missile Turret  
  38  4:09  SCV  
  39  4:23  Refinery, SCV  
  39  4:24  Missile Turret, SCV  
  41  4:28  Siege Tank  
  44  4:36  SCV x2  
  46  4:46  Missile Turret  
  46  4:48  SCV x2  
  48  5:00  SCV x2  
  48  5:06  Missile Turret  
  50  5:08  Siege Tank, Armory  
  53  5:21  Marine  
  54  5:30  Command Center, Missile Turret  
  54  5:36  SCV x2  
  56  5:48  SCV x2  
  58  5:56  Supply Depot  
  58  6:00  SCV x2  
  60  6:04  Refinery  
  60  6:06  Thor  
  66  6:12  SCV  
  67  6:19  Supply Depot  
  67  6:20  Factory  
  67  6:26  Factory  
  67  6:32  Factory  
  67  6:56  Refinery  
  67  7:00  Missile Turret  
  67  7:04  Missile Turret  
  67  7:05  Missile Turret  
  67  7:07  Factory  
  67  7:08  Terran Vehicle Weapons Level 1  
  67  7:10  SCV x2  
  67  7:13  Armory  
  67  7:15  SCV  
  70  7:22  SCV x2  
  72  7:38  Factory Reactor  
  72  7:41  Factory Tech Lab  
  72  7:47  Factory Tech Lab  
  72  7:52  Factory Reactor  
  72  7:55  Factory  
  72  8:02  Supply Depot  
  71  8:10  Thor x2  
  71  8:11  Thor  
  87  8:28  Supply Depot  
  87  8:36  Hellbat x2  
  87  8:37  Hellbat x2  
  95  8:50  Sensor Tower  
  95  8:51  Supply Depot  
  95  8:52  Thor  
  95  8:53  Thor  
  95  8:55  Hellbat  
  109  8:57  Hellbat x2  
  109  8:58  Hellbat  
  115  9:15  SCV x2  
  115  9:16  SCV  
  118  9:19  Refinery  
  118  9:26  Thor  
  118  9:27  SCV  
  125  9:39  Supply Depot  
  125  10:01  Hellbat x3, Hellion  
  125  10:02  Supply Depot  
  133  10:11  Supply Depot  
  133  10:22  Planetary Fortress  
  133  10:23  Thor  
  133  10:24  SCV x2  
  141  10:30  Supply Depot  
  141  10:32  Thor  
  141  10:33  Thor  
  141  10:34  Supply Depot  
  145  10:36  SCV x2  
  143  10:48  SCV x2  
  145  10:53  Supply Depot  
  145  10:58  Supply Depot  
  145  11:00  SCV x2  
  145  11:02  Hellbat x2  
  145  11:03  Hellbat x2  
  155  11:06  Thor  
  155  11:07  Factory Tech Lab  
  161  11:12  SCV x3  
  161  11:17  Sensor Tower  
  164  11:20  Supply Depot  
  164  11:24  SCV x2  
  165  11:36  Missile Turret  
  165  11:43  Supply Depot  
  165  11:48  Thor x2  
  165  11:49  Thor  
  165  11:51  Thor  
  189  11:55  Missile Turret  
  189  12:02  Missile Turret  
  189  12:05  Hellbat x4  
  189  12:07  Supply Depot  
  197  12:11  Supply Depot  
  197  12:15  Missile Turret  
  197  12:29  SCV x3  
  200  12:34  Supply Depot, Missile Turret  
  196  12:53  Command Center  
  194  12:59  Thor  
  175  13:18  Thor  
  175  13:19  Thor x2  
  193  13:20  Hellbat  
  193  13:21  Hellbat x2  
  191  13:58  Hellion  
Tags
 
Composition
Mech
League
GoldGold
Matchup
PvT
Replay Pack
sc2 replays
Spawn Locations
Cross Positions
Add a new tag
Caveats
  • Supply blocks, unpowered buildings, or Contaminate may cause inaccurate times.
  • Supply counts are checked every 10 seconds.